 Dungeon Crawl Stone Soup version 0.18.1-6-gd335043 (webtiles) character file.

5703 M4edhros the Impaler (level 11, 0/75 HPs)
             Began as a Formicid Fighter on May 16, 2016.
             Was the Champion of Cheibriados.
             Slain by a komodo dragon (17 damage)
             ... on level 9 of the Dungeon.
             The game lasted 00:11:16 (9098 turns).

M4edhros the Impaler (Formicid Fighter)             Turns: 9098, Time: 00:11:17

Health: 0/75       AC: 14    Str: 35 (38) XL:     11   Next: 5%
Magic:  11/11      EV:  6    Int: 24 (26) God:    Cheibriados [******]
Gold:   638        SH: 12    Dex: 23 (25) Spells: 0 memorised, 10 levels left

rFire  . . .     SeeInvis +     U - +0 halberd
rCold  . . .     Gourm    .     m - +0 plate armour
rNeg   . . .     Faith    .     c - +0 shield
rPois  .         Spirit   .     (helmet unavailable)
rElec  .         Dismiss  .     J - +1 cloak
rCorr  .         Reflect  .     u - +0 pair of gloves
SustAt .         Harm     .     (no boots)
MR     +....                    (no amulet)
Stlth  ..........               (no ring)
                                R - +2 ring of strength

@: very slow, somewhat resistant to hostile enchantments, extremely unstealthy
A: permanent stasis, dig shafts and tunnels, four strong arms, antennae 3
a: Dig, Shaft Self, Bend Time, Temporal Distortion, Slouch, Step From Time,
Renounce Religion


You were on level 9 of the Dungeon.
You worshipped Cheibriados.
Cheibriados was exalted by your worship.
You were not hungry.

You visited 1 branch of the dungeon, and saw 9 of its levels.
You also visited: Ossuary.

You collected 638 gold pieces.

Inventory:

Hand Weapons
 a - a +0 trident
 o - a +0 dagger of electrocution
 v - a +1 dagger of venom
 w - a +0 blowgun
 D - a +0 dagger of freezing
 N - a +1 rapier of draining
 U - a +0 halberd (weapon)
Missiles
 x - 31 poisoned needles
 M - 5 curare-tipped needles
Armour
 b - a +0 scale mail
 c - a +0 shield (worn)
 m - a +0 plate armour (worn)
 u - a +0 pair of gloves (worn)
 J - a +1 cloak (worn)
Jewellery
 R - a +2 ring of strength (left hand)
Wands
 i - a wand of acid (9/15)
 p - a wand of flame (18/48)
 A - a wand of digging (13/24)
 B - a wand of flame (14/48)
 H - a wand of acid (4/15)
 S - a wand of slowing (9/48)
 V - a wand of confusion (13/48)
 W - a wand of slowing (32/48)
Scrolls
 d - a scroll of vulnerability {unknown}
 e - 2 scrolls of fear
 g - 9 scrolls of identify {unknown}
 h - 2 scrolls of immolation {unknown}
 n - 3 scrolls of random uselessness {unknown}
 q - 6 scrolls of remove curse
 r - 2 scrolls of teleportation {unknown}
 s - 3 scrolls of amnesia {unknown}
 y - a scroll of magic mapping {unknown}
 C - 2 scrolls of noise {unknown}
 K - a scroll of blinking {unknown}
 Q - a scroll of summoning {unknown}
Potions
 k - 2 potions of cancellation
 t - a potion of cure mutation
 E - a potion of flight {unknown}
 G - a potion of invisibility
Books
 z - a book of Air

   Spells                             Type                      Level
   a - Shock                          Conjuration/Air              1
   b - Swiftness                      Charms/Air                   2
   c - Repel Missiles                 Charms/Air                   2
   d - Static Discharge               Conjuration/Air              3
   e - Lightning Bolt                 Conjuration/Air              5
 P - a book of Callings

   Spells                             Type                      Level
   a - Summon Small Mammal            Summoning                    1
   b - Call Imp                       Summoning                    2
   c - Call Canine Familiar           Summoning                    3
   d - Summon Guardian Golem          Hexes/Summoning              3
   e - Summon Lightning Spire         Summoning/Air                4
   f - Summon Ice Beast               Ice/Summoning                4
Comestibles
 f - 6 bread rations
 j - 4 fruits
 l - 2 meat rations
 F - a slice of pizza
 L - a beef jerky
 T - 10 royal jellies


   Skills:
 - Level 3.2 Fighting
 + Level 15.0 Polearms
 - Level 3.2 Armour
 - Level 3.6 Shields


You had 10 spell levels left.
You didn't know any spells.

Dungeon Overview and Level Annotations

Branches:
Dungeon (9/15)             Temple (0/1) D:6
   Lair: D:8-11         Orc: D:9-12

Altars:
Cheibriados
Dithmenos
Elyvilon
Gozag
Makhleb
Okawaru
Pakellas
Ru
Trog
Zin
The Shining One

Shops:
D:4 :(*:


Innate Abilities, Weirdness & Mutations

You are under a permanent stasis effect.
You can dig through walls and to a lower floor.
Your four strong arms can wield two-handed weapons with a shield.
You have a pair of large antennae on your head (SInv).


Message History

Zapping:
H - a wand of acid {zapped: 3} (will waste charges)
Press: ? - help, Shift-Dir - straight line, f/p - komodo dragon
Aim: a komodo dragon (moderately wounded, covered in acid)
The bolt of acid misses the komodo dragon.
Evoking this partially-identified wand wasted a few charges.
A crocodile comes into view.
Evoke which item? (* to show all) (? for menu, Esc to quit)
Zapping:
H - a wand of acid {zapped: 6} (will waste charges)
Press: ? - help, Shift-Dir - straight line, f/p - komodo dragon
Aim: a komodo dragon (moderately wounded, covered in acid)
The bolt of acid hits the komodo dragon.
The komodo dragon is heavily wounded.
Evoking this partially-identified wand wasted a few charges.
Attack whom?
Press: ? - help, Dir - move target cursor, f/p - komodo dragon
Aim: a komodo dragon (heavily wounded, covered in acid)
You puncture the komodo dragon!
The komodo dragon is severely wounded.
The komodo dragon bites you!
You die...

## ### #.### ###
#.##....# ..##......... #
##..#.....#.. ###
######^#.......t.) ..####
#.#......@l†.#
#....###.....†..#..#....#
##......†...##.#.### ..#
#.#####.####..### . ###
### #.###
################# ###
................# #.#
....<...........# #.#
................# #.#


You could see a komodo dragon and a crocodile.

Vanquished Creatures
  Erolcha (D:8)
  The ghost of manyhoops the Covered, a novice DsFi of Qazlal (D:6)
  2 komodo dragons (D:9)
  A polar bear (D:8)
  A yak (D:8)
  A hippogriff (D:8)
  The ghost of Hipnos the Sneak, an amateur OpAs (D:4)
  A mottled dragon (D:9)
  A water moccasin (D:6)
  Duvessa (D:6)
  An orc warrior (D:8)
  A sky beast (D:8)
  2 ice beasts
  A phantom (D:5)
  2 centaurs
  2 wolves (D:8)
  3 giant frogs (D:7)
  3 big kobolds (D:6)
  An elf zombie (Ossuary)
  Dowan (D:6)
  A water moccasin skeleton (D:4)
  3 killer bees (D:8)
  3 wights (D:8)
  2 crimson imps
  A centaur zombie (D:9)
  A giant frog skeleton (D:7)
  2 human zombies (Ossuary)
  4 orc priests
  Crazy Yiuf (D:3)
  3 hounds
  5 jellies
  8 orc wizards
  2 centaur skeletons
  6 iguanas
  6 worker ants
  2 big kobold zombies (Ossuary)
  A giant frog simulacrum (D:8)
  A hound zombie (D:6)
  2 mummies (Ossuary)
  A worker ant zombie (D:7)
  3 gnolls (D:8)
  11 adders
  A hound simulacrum (D:8)
  A shadow imp (D:8)
  4 white imps (D:8)
  An ufetubus (D:8)
  5 oozes (D:8)
  5 worms
  3 dart slugs
  7 giant geckos
  27 orcs
  8 bats
  6 giant cockroaches
  3 gnoll zombies (Ossuary)
  10 goblins
  10 hobgoblins
  17 jackals
  3 quokkas
  6 ball pythons
  A giant gecko simulacrum (D:8)
  2 giant gecko skeletons
  4 giant newts
  2 hobgoblin zombies (Ossuary)
  10 kobolds
  4 orc zombies (Ossuary)
  2 quokka zombies
  8 rats
  3 butterflies (D:6)
250 creatures vanquished.

Vanquished Creatures (others)
  A komodo dragon (D:8)
  An ufetubus (D:8)
2 creatures vanquished.

Grand Total: 252 creatures vanquished

Notes
Turn   | Place    | Note
--------------------------------------------------------------
     0 | D:1      | M4edhros the Formicid Fighter began the quest for the Orb.
     0 | D:1      | Reached XP level 1. HP: 18/18 MP: 1/1
    80 | D:1      | Found a snail-covered altar of Cheibriados.
    90 | D:1      | Became a worshipper of Cheibriados the Contemplative
   124 | D:1      | Reached XP level 2. HP: 24/24 MP: 2/2
   260 | D:1      | Reached skill level 3 in Polearms
   639 | D:1      | Reached * piety under Cheibriados
   639 | D:1      | Reached XP level 3. HP: 29/29 MP: 3/3
   819 | D:2      | Reached skill level 4 in Polearms
   819 | D:2      | Reached XP level 4. HP: 29/35 MP: 4/4
  1455 | D:3      | Reached XP level 5. HP: 41/41 MP: 5/5
  1478 | D:3      | Found a burning altar of Makhleb.
  1537 | D:3      | Reached ** piety under Cheibriados
  1612 | D:3      | Noticed Crazy Yiuf
  1618 | D:3      | Killed Crazy Yiuf
  1618 | D:3      | Reached skill level 5 in Polearms
  1678 | D:3      | Found a glowing golden altar of the Shining One.
  2185 | D:3      | Reached XP level 6. HP: 47/47 MP: 6/6
  2256 | D:3      | Reached skill level 6 in Polearms
  2555 | D:4      | Found Mivaaz's Antique Weapon Shoppe.
  2607 | D:4      | Reached *** piety under Cheibriados
  2721 | D:4      | Noticed Hipnos's ghost (amateur OpAs)
  2745 | D:4      | Killed Hipnos's ghost
  2745 | D:4      | Reached skill level 7 in Polearms
  2745 | D:4      | Reached XP level 7. HP: 41/52 MP: 7/7
  2946 | D:4      | Found Raved's Book Shoppe.
  3102 | D:4      | Found Iprustes's Assorted Antiques.
  3111 | D:4      | Found Huohud's Book Emporium.
  3232 | D:4      | Found a shadowy altar of Dithmenos.
  3409 | D:4      | Found a bloodstained altar of Trog.
  3467 | D:5      | Entered Level 5 of the Dungeon
  3638 | D:5      | Reached skill level 8 in Polearms
  3685 | D:5      | Reached **** piety under Cheibriados
  3702 | D:5      | Reached XP level 8. HP: 58/58 MP: 8/8
  3727 | D:5      | Found a sacrificial altar of Ru.
  3975 | D:6      | Found a sand-covered staircase.
  3985 | D:6      | Noticed Dowan
  3986 | D:6      | Noticed Duvessa
  4008 | Ossuary  | Entered an ossuary
  4080 | Ossuary  | Reached skill level 9 in Polearms
  4418 | D:6      | Gained mutation: You are agile. (Dex +2) [potion of mutation]
  4418 | D:6      | Gained mutation: You regenerate slowly when monsters are visible. [potion of mutation]
  4418 | D:6      | Lost mutation: You regenerate slowly when monsters are visible. [potion of mutation]
  4426 | D:6      | Killed Duvessa
  4432 | D:6      | Killed Dowan
  4506 | D:6      | Reached skill level 10 in Polearms
  4603 | D:6      | Noticed manyhoops's ghost (novice DsFi)
  4617 | D:6      | Killed manyhoops's ghost
  4617 | D:6      | Reached skill level 11 in Polearms
  4617 | D:6      | Reached XP level 9. HP: 58/64 MP: 9/9
  4688 | D:6      | Found a staircase to the Ecumenical Temple.
  4838 | D:6      | Reached ***** piety under Cheibriados
  5435 | D:7      | Found an opulent altar of Gozag.
  5552 | D:7      | Reached skill level 12 in Polearms
  5857 | D:7      | Found a glowing silver altar of Zin.
  5857 | D:7      | Found a white marble altar of Elyvilon.
  5857 | D:7      | Found an iron altar of Okawaru.
  6306 | D:8      | Noticed a polar bear
  6314 | D:8      | Killed a polar bear
  6381 | D:8      | Reached XP level 10. HP: 19/70 MP: 10/10
  6645 | D:8      | Reached skill level 13 in Polearms
  6935 | D:8      | Noticed Erolcha
  6937 | D:8      | Lost mutation: You are agile. (Dex +2) [potion of cure mutation]
  6975 | D:8      | Killed Erolcha
  6975 | D:8      | Reached skill level 14 in Polearms
  7204 | D:8      | Reached ****** piety under Cheibriados
  8572 | D:8      | Found an oddly glowing altar of Pakellas.
  8572 | D:8      | Noticed an orange crystal statue
  8573 | D:8      | Noticed a komodo dragon
  8585 | D:8      | Killed a komodo dragon
  9028 | D:9      | Noticed a komodo dragon
  9036 | D:9      | Killed a komodo dragon
  9073 | D:9      | Noticed a komodo dragon
  9088 | D:9      | Killed a komodo dragon
  9088 | D:9      | Reached skill level 15 in Polearms
  9088 | D:9      | Reached XP level 11. HP: 29/75 MP: 11/11
  9098 | D:9      | Slain by a komodo dragon

Skill      XL: |  1  2  3  4  5  6  7  8  9 10 |
---------------+-------------------------------+-----
Polearms       | 3 4 5 7 8 11 12 15 | 15.0
Fighting       | |  3.2
Armour         | |  3.2
Shields        | |  3.6

Action                   |  1- 3 |  4- 6 |  7- 9 | 10-12 || total
-------------------------+-------+-------+-------+-------++-------
Melee: Trident           |    96 |   165 |   362 |   229 ||   852
       Dagger            |       |    88 |       |       ||    88
       Rapier            |       |       |    10 |       ||    10
       Halberd           |       |       |       |    59 ||    59
Evoke: Wand              |       |       |       |     3 ||     3
  Use: Scroll            |     2 |     1 |       |       ||     3
       Potion            |       |     1 |     4 |     7 ||    12
  Eat: Chunk             |       |     3 |     3 |     2 ||     8
       Meat ration       |       |       |     1 |       ||     1
       Royal jelly       |       |       |       |     1 ||     1
Armor: Scale mail        |    42 |     7 |       |       ||    49
       Plate armour      |       |    91 |   158 |    77 ||   326
       Skin              |       |       |       |    11 ||    11
Dodge: Dodged            |    34 |    35 |    58 |    49 ||   176
Block: Shield            |    43 |   107 |   183 |   114 ||   447
